 Dungeon Crawl Stone Soup version 0.26.1-11-gd32895ea62 (webtiles) character file.

Game seed: 17868980390682812894

175 Zeld the Changer (level 5, 0/34 HPs)
             Began as an Octopode Transmuter on June 1, 2021.
             Slain by an adder (2 damage)
             ... on level 4 of the Dungeon.
             The game lasted 00:01:50 (882 turns).

Zeld the Changer (Octopode Transmuter)               Turns: 882, Time: 00:01:50

Health: 0/34       AC:  1    Str: 10    XL:     5   Next: 55%
Magic:  6/10       EV: 14    Int: 15    God:
Gold:   32         SH:  0    Dex: 13    Spells: 4/10 levels left

rFire    + . .     SeeInvis .     - Unarmed
rCold    + . .     Faith    .   (no shield)
rNeg     . . .     Spirit   .   (helmet restricted)
rPois    +         Reflect  .   (no amulet)
rElec    +         Harm     .   (no ring)
rCorr    +         Rampage  .   (no ring)
Will     .....                  (no ring)
Stlth    ++........             (no ring)
HPRegen  0.11/turn              (no ring)
MPRegen  0.12/turn              (no ring)
                                (no ring)
                                (no ring)

@: lethally poisoned (0 -> -18), resistant, wereblooded, hasted, very quick
A: almost no armour, stealthy swim, amphibious, 8 rings, constrict 8, camouflage
1, gelatinous body 1
a: no special abilities


You were on level 4 of the Dungeon.
You visited 1 branch of the dungeon, and saw 4 of its levels.

You collected 32 gold pieces.

Inventory:

Jewellery
 d - a +6 ring of dexterity {unknown}
Scrolls
 c - a scroll of amnesia {unknown}
 e - 2 scrolls of identify {unknown}


   Skills:
 + Level 2.2 Fighting
 + Level 2.8 Dodging
 - Level 3.0 Unarmed Combat
 * Level 3.3 Spellcasting
 * Level 3.5 Transmutations


You had 4 spell levels left.
You knew the following spells:

 Your Spells              Type           Power        Failure   Level
a - Beastly Appendage     Tmut           26%          4%          1
b - Wereblood             Tmut           13%          7%          2
c - Spider Form           Tmut/Pois      3%           28%         3

Your spell library contained the following spells:

 Spells                   Type           Power        Failure   Level
 Ice Form                 Ice/Tmut       7%           67%         4
 Blade Hands              Tmut           6%           77%         5


Dungeon Overview and Level Annotations

Branches:
Dungeon (4/15)
 Temple: D:4-7

Altars:

Portals:
Sewer: D:4

Annotations:
D:3 Grinder
D:4 2 transporters, aphrod's ghost, amateur DrTm


Innate Abilities, Weirdness & Mutations

You cannot wear most types of armour.
You are very stealthy in the water. (Stealth+)
You are amphibious.
You can wear up to eight rings at the same time.
You can use your tentacles to constrict eight enemies at once.
Your skin changes colour to match your surroundings (Stealth+).
Your rubbery body absorbs attacks. (AC +1, EV +1)


Message History

It was a potion of haste.
You feel yourself speed up.
You hiss as the wereblood boils in your veins!
Your transformation has ended.
* * * LOW HITPOINT WARNING * * *
You feel sick. The adder completely misses you. The adder bites you.
* * * LOW HITPOINT WARNING * * *
You are more poisoned.
The adder poisons you!
You miss the adder. Your grab misses the adder.
You howl as the wereblood boils in your veins!
* * * LOW HITPOINT WARNING * * *
You feel sick. The adder bites you.
* * * LOW HITPOINT WARNING * * *
Unknown command.
You tentacle-slap the adder. Your grab misses the adder.
Your squeeze misses the adder.
The adder is lightly wounded.
* * * LOW HITPOINT WARNING * * *
You feel sick. The adder bites you.
You die...

#..# #... .(
##.# #. #. #.##
.## #...
....##..#
#...$..#####
#(.S@...#
#.##†##.#
##.#≈≈≈#.##
#..#≈≈≈#..#
....#≈∩≈#..#
.#...#≈≈≈#..#
......#≈≈≈#..#
###..#####..####
#...........#
.......


You could see an adder.

Vanquished Creatures
  An ogre (D:4)
  Jessica (D:3)
  A worker ant (D:4)
  2 adders
  A leopard gecko (D:3)
  7 orcs
  2 giant cockroaches
  A hobgoblin (D:3)
  A quokka (D:4)
  A kobold (D:3)
  2 rats (D:3)
20 creatures vanquished.

Notes
Turn   | Place    | Note
-------+----------+-------------------------------------------
     0 | D:1      | Zeld the Octopode Transmuter began the quest for the Orb.
     0 | D:1      | Reached XP level 1. HP: 13/13 MP: 3/3
   163 | D:3      | Noticed Grinder
   230 | D:3      | Reached XP level 2. HP: 9/18 MP: 3/5
   233 | D:3      | Learned a level 2 spell: Wereblood
   446 | D:3      | Noticed Jessica
   454 | D:3      | Killed Jessica
   455 | D:3      | Reached XP level 3. HP: 23/23 MP: 4/6
   459 | D:3      | Learned a level 3 spell: Spider Form
   653 | D:4      | Found a transporter.
   654 | D:4      | Noticed aphrod's ghost (amateur DrTm)
   665 | D:4      | Found a transporter.
   755 | D:4      | Noticed an ogre
   773 | D:4      | Killed an ogre
   774 | D:4      | Reached XP level 4. HP: 29/29 MP: 6/8
   774 | D:4      | Reached XP level 5. HP: 34/34 MP: 6/9
   847 | D:4      | Found a glowing drain.
   882 | D:4      | Slain by an adder

Illustrated notes

Levels and vault maps discovered:
D:1:      dpeg_arrival_tiny_a, layout_basic
D:2:      layout_rooms, nicolae_overflow_crystal_walls, lemuel_crystal_altar,
          serial_undead, serial_undead_e, serial_undead_c, serial_undead_c,
          serial_undead_b
D:3:      layout_basic, old_standard_altar, item_on_display_a, uniq_jessica,
          uniq_grinder
D:4:      layout_loops_ring, gammafunk_ghost_mausoleum, gup_sewer_entry_glass,
          kennysheep_doodads, nrook_campfire, uniq_crazy_yiuf_cottage

Skill      XL: |  1  2  3 |
---------------+----------+-----
Fighting       | 2 |  2.2
Spellcasting   | 3 |  3.3
Transmutations | 3 |  3.5
Dodging        | |  2.8
Unarmed Combat | |  3.0

Action                   |  1- 3 |  4- 6 || total
-------------------------+-------+-------++-------
Melee: Unarmed           |    23 |    25 ||    48
       Kick              |     5 |     3 ||     8
       Constrict         |     5 |     6 ||    11
       Tentacles         |     1 |     4 ||     5
       Punch             |     1 |       ||     1
 Cast: Beastly Appendage |     7 |     2 ||     9
       Spider Form       |     1 |     1 ||     2
       Wereblood         |       |     1 ||     1
  Use: Potion            |       |     2 ||     2
 Stab: Sleeping          |     2 |       ||     2
Armor: Skin              |       |     1 ||     1
Dodge: Dodged            |    15 |    25 ||    40
